Map: Cyber Forest LE

Players

Bachor - Winner!

  • Race: Terran Terran
  • League: Platinum
  • Spawn Location: 5:00

Woah

  • Race: Terran Terran
  • Spawn Location: 11:00

VOD

Have the link to the VOD?

Description

Time

  • Played on: June 12, 2019, 5:30 a.m.
  • Length: 32:19
Show
View Real Time Build Order
Export as new Build Order

Bachor Terran - Winner!

Build Orders: Gas First Reaper Expand 

Get SALT Encoding   

  12  0:03  SCV  
  13  0:15  SCV  
  13  0:17  Supply Depot  
  14  0:27  SCV  
  15  0:30  Refinery  
  15  0:39  SCV  
  16  0:47  Barracks  
  16  0:58  SCV  
  17  1:16  SCV  
  18  1:34  Orbital Command  
  18  1:35  Reaper  
  19  1:55  Factory  
  19  1:59  SCV  
  20  2:09  Command Center  
  20  2:17  Supply Depot  
  20  2:19  Barracks Reactor  
  20  2:21  SCV  
  21  2:26  Refinery  
  21  2:33  SCV  
  22  2:42  Hellion  
  24  2:46  SCV  
  24  2:50  Engineering Bay  
  26  2:58  SCV  
  26  3:00  Supply Depot  
  26  3:05  Refinery  
  26  3:12  Reaper x2  
  28  3:17  Hellion  
  30  3:22  SCV  
  31  3:29  Missile Turret  
  29  3:39  SCV  
  29  3:40  SCV  
  29  4:03  SCV x2  
  31  4:10  Supply Depot  
  31  4:15  SCV, Command Center  
  31  4:16  Factory Tech Lab  
  32  4:17  Marine  
  31  4:52  SCV x2  
  31  4:55  Missile Turret  
  30  5:00  Starport  
  30  5:01  Marine  
  31  5:07  Siege Tank  
  31  5:10  Marine  
  35  5:21  Missile Turret  
  35  5:23  Marine  
  35  5:25  SCV  
  35  5:27  Orbital Command  
  35  5:28  Liberator  
  37  5:36  Supply Depot  
  37  5:37  SCV  
  37  5:39  Barracks, Marine  
  42  5:51  Terran Infantry Weapons Level 1  
  42  5:58  SCV  
  42  5:59  SCV  
  44  6:11  Planetary Fortress  
  44  6:13  Marine x2  
  46  6:18  Missile Turret  
  46  6:21  SCV  
  46  6:22  SCV  
  46  6:24  Missile Turret  
  48  6:26  Siege Tank  
  48  6:28  Barracks Tech Lab, Barracks  
  51  6:34  Starport Reactor  
  51  6:36  SCV x2  
  53  6:42  Refinery  
  53  6:44  Engineering Bay  
  53  6:47  Armory  
  53  6:49  Stimpack  
  53  6:51  Marine  
  53  6:52  Marine  
  55  6:59  SCV x3  
  58  7:03  Marine  
  59  7:08  Marine  
  59  7:09  Siege Tank  
  59  7:12  SCV  
  59  7:13  SCV  
  65  7:35  SCV x2  
  65  7:36  SCV, Marine x2  
  70  7:38  Marauder, Marine  
  70  7:41  Viking x2  
  74  7:47  SCV  
  75  7:52  Refinery  
  75  7:54  Marine  
  76  8:00  Missile Turret x2  
  76  8:01  Missile Turret  
  76  8:17  Missile Turret, Marine x2  
  79  8:21  Barracks Reactor  
  77  8:32  Viking  
  77  8:33  Viking  
  81  8:47  SCV x3  
  81  8:48  Marine  
  85  8:55  Supply Depot  
  85  8:56  Supply Depot  
  85  8:57  Supply Depot  
  85  9:02  Starport  
  85  9:17  SCV, Medivac, Marine x5  
  85  9:18  Siege Tank  
  83  9:35  Marine x4  
  87  9:42  SCV x3, Refinery  
  90  9:47  Command Center, Marine  
  90  9:50  Siege Tank  
  90  9:52  Marine x2  
  94  9:53  Viking x2  
  94  9:54  SCV  
  94  10:05  Starport Reactor  
  94  10:12  Barracks  
  81  10:38  Marine x4  
  81  10:39  Marine  
  86  10:56  Marine x5  
  91  10:58  Viking x3  
  91  10:59  Viking, Barracks  
  91  11:00  Siege Tank  
  102  11:06  SCV x3  
  105  11:14  Marine  
  106  11:20  Terran Infantry Weapons Level 2  
  106  11:21  Terran Infantry Armor Level 1  
  106  11:23  Terran Vehicle Weapons Level 1, Refinery x2  
  109  11:32  Siege Tank  
  100  11:47  Barracks  
  100  11:51  SCV x3  
  103  11:55  Planetary Fortress  
  100  12:02  Marine x4  
  100  12:03  SCV, Marine  
  106  12:22  SCV x3  
  109  12:23  Marine x5  
  114  12:34  SCV  
  115  12:40  Marine  
  115  12:41  Marine x2  
  114  13:00  Marine  
  114  13:01  Marine x4  
  119  13:15  Viking x2  
  119  13:18  Marine  
  119  13:19  Viking, Marine  
  124  13:20  Marine x2  
  124  13:21  Marine  
  124  13:22  Siege Tank  
  114  13:36  Marine  
  114  13:37  Marine  
  114  13:38  Marine x2  
  114  13:39  Viking, Marine  
  121  13:47  Command Center  
  121  13:49  Command Center  
  121  13:50  Supply Depot x2  
  121  13:51  Supply Depot  
  121  13:52  Supply Depot  
  121  13:53  Marine  
  121  13:55  Marine  
  123  13:56  Marine  
  124  14:11  Siege Tank, Marine x3  
  124  14:12  Marine  
  124  14:14  Marine  
  124  14:16  Supply Depot  
  132  14:17  Supply Depot  
  132  14:26  Liberator x2  
  132  14:29  Marine x3  
  132  14:30  Marine  
  136  14:31  Marine  
  136  14:37  Viking  
  136  14:38  Viking  
  140  14:44  Siege Tank  
  140  15:26  Marine x5  
  145  15:43  Marine  
  145  15:44  Marine  
  122  16:14  Viking  
  122  16:15  Viking x3  
  122  16:16  Siege Tank  
  122  16:17  Marine x5  
  121  16:42  Marine x3  
  121  16:43  Marine x2  
  126  16:47  SCV x3  
  126  16:48  Siege Tank  
  132  16:59  SCV x3  
  132  17:00  Marine x5  
  132  17:01  Liberator x4  
  116  17:11  SCV x3  
  128  17:23  SCV  
  126  17:38  Marine x5  
  126  17:43  Liberator  
  131  17:49  Liberator x3  
  124  17:56  Marine x5  
  127  18:07  Siege Tank  
  139  18:13  Marine  
  139  18:14  Marine x4  
  138  18:31  Marine  
  138  18:32  Marine x3  
  134  18:38  Planetary Fortress  
  134  18:40  Siege Tank  
  137  18:44  Command Center x2, Refinery  
  137  18:45  Terran Vehicle Weapons Level 2, Terran Infantry Armor Level 2, Terran Infantry Weapons Level 3, Refinery  
  137  19:05  Planetary Fortress, Command Center  
  137  19:06  Refinery  
  137  19:07  Refinery  
  137  19:10  Medivac  
  137  19:11  Sensor Tower  
  137  19:12  Siege Tank, Marine x5  
  147  19:21  Command Center  
  147  19:30  Barracks, Marine x5  
  152  19:32  Barracks x2  
  152  19:35  Barracks  
  152  19:44  Siege Tank  
  155  19:45  Sensor Tower  
  155  19:47  Marine  
  155  19:48  Marine  
  118  20:05  Liberator x3  
  110  20:20  Marine x4  
  110  20:21  Marine x2  
  114  20:24  Siege Tank  
  126  20:31  SCV x3  
  129  20:38  Marine  
  130  20:59  Marine x6  
  130  21:01  Medivac  
  130  21:02  Siege Tank  
  141  21:24  Marine  
  141  21:25  Marine x4  
  142  21:26  Marine  
  146  21:39  Sensor Tower  
  146  21:40  Barracks  
  146  21:42  Marine  
  146  21:43  Barracks Reactor  
  145  21:47  Barracks Reactor  
  145  21:56  Marine x5  
  145  21:58  Medivac  
  145  21:59  Medivac x3  
  145  22:00  Marine  
  150  22:13  Marine  
  150  22:14  Marine x4  
  126  22:33  Marine  
  126  22:34  Marine x9  
  136  22:38  Medivac x4  
  144  22:45  Siege Tank  
  147  22:51  Marine  
  147  22:52  Marine x9  
  147  22:55  Barracks Reactor  
  157  23:08  Viking, Medivac  
  157  23:09  Marine x2  
  157  23:10  Marine x3  
  166  23:14  Command Center  
  166  23:15  Marine x5  
  166  23:18  Refinery  
  166  23:19  Missile Turret, Refinery  
  171  23:22  Viking x2  
  175  23:27  Marine x3  
  174  23:38  Viking x2  
  177  23:47  Marine  
  177  23:48  Marine x9  
  178  23:52  Viking  
  182  24:05  Marine  
  182  24:06  Marine x9  
  191  24:23  Siege Tank, Marine  
  191  24:24  Marine x5  
  172  24:42  Marine  
  172  24:43  Marine x9  
  166  24:55  Siege Tank  
  166  25:00  Marine  
  166  25:01  Marine x9  
  172  25:11  Planetary Fortress x2  
  170  25:18  Marine  
  170  25:19  Marine x9  
  164  25:25  Barracks  
  164  25:27  Siege Tank  
  164  25:30  Barracks  
  164  25:36  Marine x5  
  164  25:37  Marine x5  
  173  25:54  Marine x4  
  161  25:59  Siege Tank  
  144  26:15  Terran Vehicle Weapons Level 3  
  144  26:16  Neosteel Armor, Hi-Sec Auto Tracking  
  144  26:19  Combat Shield  
  144  26:22  Barracks Reactor x2  
  144  26:23  Barracks Reactor  
  144  26:25  Marine x4  
  145  26:26  Marine x8  
  145  26:28  Viking x4  
  164  26:43  Marine x10  
  164  26:44  Marine x2  
  173  26:58  Viking x2  
  173  27:00  Marine  
  178  27:01  Marine x2  
  178  27:03  Starport x2  
  178  27:07  Starport  
  178  27:08  Starport, Missile Turret  
  180  27:11  Starport  
  180  27:13  Terran Infantry Armor Level 3  
  180  27:30  Missile Turret  
  180  27:32  Viking  
  180  27:33  Viking x3  
  186  27:38  Concussive Shells  
  186  27:50  Missile Turret  
  186  28:00  Marine x2  
  186  28:01  Marine x6  
  186  28:02  Marine x6  
  200  28:10  Starport Tech Lab  
  200  28:11  Starport Tech Lab x2  
  200  28:12  Starport Tech Lab  
  188  28:51  Marine  
  188  28:52  Terran Vehicle And Ship Armor Level 1, Marine x11  
  147  30:01  Fusion Core  
  121  30:55  Battlecruiser x4  
  145  31:02  Marine  
  145  31:03  Marine x17  
  163  31:20  Marine x2  
  163  31:21  Marine x16  
  178  31:38  Marine  
  196  32:15  Starport Tech Lab  
Show
View Real Time Build Order
Export as new Build Order

Woah Terran 

Build Orders:  

Get SALT Encoding   

  12  0:01  SCV  
  13  0:13  SCV  
  14  0:17  Supply Depot  
  14  0:25  SCV  
  15  0:31  Refinery  
  15  0:43  Barracks  
  15  0:45  SCV  
  16  0:57  Refinery  
  16  1:00  SCV  
  17  1:19  SCV  
  18  1:31  Orbital Command  
  18  1:34  Factory  
  18  1:37  Reaper  
  19  1:54  Supply Depot  
  19  1:58  SCV  
  20  2:13  SCV  
  20  2:15  Reaper  
  22  2:28  Command Center  
  22  2:29  SCV  
  23  2:40  Supply Depot  
  23  2:55  Barracks Tech Lab  
  23  3:02  SCV, Hellion  
  23  3:04  Starport  
  26  3:14  SCV  
  27  3:26  SCV  
  28  3:38  SCV  
  28  3:41  Starport Tech Lab  
  29  3:43  Orbital Command  
  29  3:50  SCV  
  30  4:00  Reaper  
  30  4:02  Siege Tank  
  30  4:04  Banshee  
  30  4:08  SCV  
  34  4:11  Barracks  
  34  4:14  Supply Depot  
  34  4:18  Supply Depot  
  28  4:58  SCV x2  
  30  5:00  Siege Tank, Barracks Reactor  
  30  5:01  Barracks Tech Lab  
  33  5:10  SCV x2  
  33  5:11  Barracks Reactor  
  35  5:19  Barracks  
  35  5:20  Stimpack  
  35  5:21  Starport Reactor  
  35  5:22  SCV x2  
  37  5:34  SCV  
  38  5:37  SCV  
  39  5:46  SCV, Barracks  
  39  5:49  Marine x2  
  43  5:52  SCV, Marine  
  43  5:56  Refinery  
  44  5:57  Engineering Bay  
  44  5:59  Engineering Bay  
  44  6:00  Engineering Bay  
  44  6:07  Viking, Marine x2  
  44  6:08  Viking  
  50  6:14  SCV x2  
  52  6:26  SCV x2  
  52  6:29  Barracks Reactor  
  52  6:30  Terran Infantry Weapons Level 1  
  54  6:40  Marine x2  
  54  6:41  Marine  
  54  6:42  Command Center  
  54  6:43  Barracks Reactor  
  57  6:52  SCV  
  57  6:53  SCV  
  59  6:55  Terran Infantry Armor Level 1  
  59  6:58  Marine x3  
  59  7:01  Supply Depot  
  61  7:02  Supply Depot  
  61  7:04  SCV  
  54  7:16  Marine x3  
  54  7:21  Marine  
  54  7:22  Marine x3  
  61  7:34  Marine x3  
  64  7:39  Marine  
  65  7:44  Marine  
  65  7:47  SCV x2  
  68  7:54  Barracks  
  68  7:55  Barracks  
  68  7:57  Barracks  
  68  7:59  SCV x2  
  68  8:02  Armory  
  68  8:04  Missile Turret  
  70  8:06  Marauder, Marine x2  
  70  8:07  Marine  
  70  8:11  SCV x2  
  77  8:25  Marine  
  78  8:44  Marine  
  78  8:45  Marine x2  
  78  8:46  Marine x4  
  85  8:58  Viking  
  85  9:01  Barracks Reactor  
  87  9:03  Orbital Command  
  87  9:04  SCV x2  
  87  9:05  Supply Depot  
  87  9:08  Supply Depot x2  
  89  9:16  SCV x2  
  78  9:27  Marine  
  78  9:28  SCV x2, Marine x8  
  77  9:40  SCV  
  77  9:42  Viking  
  77  9:43  SCV  
  81  9:45  Marine  
  81  9:46  Marine x2  
  81  9:52  SCV  
  85  9:55  SCV  
  85  9:59  Marine x2  
  77  10:00  Marine x2  
  77  10:04  SCV  
  81  10:07  SCV  
  81  10:12  Marine x4  
  81  10:13  Marine  
  78  10:17  Marine x3  
  78  10:18  Marine  
  80  10:25  Viking x2  
  84  10:29  Refinery x2  
  84  10:30  Marine x4  
  84  10:34  Command Center  
  89  10:37  Supply Depot, Marine x2  
  90  10:48  SCV x2  
  90  10:49  Marauder  
  86  11:12  Siege Tank  
  86  11:17  Marine x7  
  86  11:18  Marine x3  
  99  11:27  Supply Depot  
  99  11:35  Marine x10  
  96  12:00  Marine x2  
  96  12:01  Marine  
  82  12:04  Marine x3  
  82  12:05  Marine x3  
  82  12:06  SCV  
  82  12:07  Barracks Reactor  
  87  12:09  SCV  
  87  12:15  Planetary Fortress  
  88  12:18  SCV, Marine x3  
  88  12:20  Viking  
  88  12:21  SCV  
  88  12:22  Marine x6  
  89  12:36  Siege Tank, Marine x3  
  93  12:37  SCV x2  
  95  12:49  SCV  
  93  13:01  Barracks Tech Lab  
  93  13:02  Barracks Tech Lab  
  88  13:27  Marauder x3, Marine x3  
  95  13:35  Marine  
  95  13:36  Marine x4  
  95  13:38  SCV  
  100  13:45  Marine x2  
  102  13:48  Marauder  
  102  13:50  Command Center  
  102  13:54  Marine  
  102  13:55  Marine x7  
  112  14:01  Command Center  
  112  14:03  Marine x2  
  112  14:06  Concussive Shells, Combat Shield  
  112  14:08  Terran Infantry Weapons Level 2, Terran Infantry Armor Level 2  
  112  14:09  Marine  
  115  14:12  Marine x5  
  115  14:13  Marauder x2  
  115  14:16  Command Center  
  120  14:28  Marauder  
  103  14:48  Marauder, Marine  
  103  14:49  Marauder x2, Marine x7  
  113  15:06  Marine x2  
  113  15:07  Marine x6  
  110  15:09  Marine  
  110  15:10  Marauder, Marine  
  110  15:12  SCV x2  
  110  15:13  SCV x3  
  122  15:24  SCV, Marine  
  122  15:25  SCV  
  122  15:27  Marauder  
  124  15:46  Marauder x2, Marine x5  
  106  16:07  Marine  
  106  16:08  Marauder, Marine x6  
  106  16:09  Marauder, Marine x2  
  85  16:11  Siege Tank  
  85  16:25  Marine x2  
  85  16:26  Marine  
  85  16:29  Marauder  
  85  16:30  Marauder  
  89  16:33  Marine x5  
  89  16:37  SCV  
  96  16:42  Planetary Fortress  
  96  16:43  Marine x3  
  98  16:51  Marauder  
  73  17:13  Marine x3  
  73  17:14  Marauder x2, Marine x4  
  73  17:15  Marine  
  80  17:18  SCV x2  
  82  17:23  Refinery  
  81  17:31  Marine x2  
  81  17:32  Marine  
  81  17:33  Marine x2  
  81  17:35  Marauder x2, Siege Tank  
  81  17:56  Marauder  
  81  17:57  Marauder  
  85  18:11  Planetary Fortress  
  85  18:12  Marine  
  85  18:13  Marine x3  
  85  18:14  Marine  
  85  18:15  Marine x3  
  85  18:18  Marauder x2  
  97  18:26  Missile Turret  
  96  18:29  Missile Turret  
  96  18:32  Marine x2  
  96  18:33  Medivac x2  
  104  18:35  SCV  
  104  18:37  SCV  
  104  18:39  SCV  
  111  18:42  Terran Infantry Armor Level 3, Terran Infantry Weapons Level 3  
  111  18:48  SCV x3  
  106  18:49  SCV  
  106  18:51  SCV  
  110  18:58  Starport  
  110  18:59  Fusion Core, Starport  
  110  19:00  Siege Tank  
  113  19:06  Marauder, Marine x2  
  113  19:07  Marine x4  
  121  19:17  Supply Depot x2  
  121  19:19  Supply Depot  
  121  19:21  Supply Depot  
  105  19:55  Marine x3  
  105  19:56  Marauder, Marine x6  
  86  20:16  Marine x2  
  86  20:19  Liberator  
  86  20:20  Marine x8  
  84  20:23  Starport Reactor  
  84  20:24  Starport Tech Lab  
  84  20:25  Viking  
  89  20:28  Siege Tank  
  89  20:34  Marine x2  
  91  20:37  Marine  
  91  20:38  Marine x5  
  91  20:39  Marauder x2  
  91  20:41  Liberator  
  91  20:42  SCV  
  105  20:45  SCV x3  
  105  20:46  Liberator x2  
  105  20:48  Barracks  
  108  20:50  Barracks x2  
  108  20:51  Missile Turret, Marine, Barracks  
  108  20:52  Marine  
  108  20:55  Marine x3  
  108  20:56  Marine  
  114  20:57  Medivac  
  114  21:00  Marauder x2, Siege Tank  
  114  21:01  Advanced Ballistics  
  129  21:12  Missile Turret  
  129  21:22  Marauder  
  131  21:26  Marauder, Marine x3  
  131  21:27  Marine x5  
  131  21:29  Liberator x2  
  131  21:30  Liberator  
  141  21:43  Marauder  
  141  21:44  Marine x4  
  153  21:49  Command Center  
  88  22:30  Marine  
  88  22:31  Marine  
  88  22:32  Marine x7  
  88  22:33  Marine x5  
  98  22:48  Marine  
  98  22:49  Marine  
  98  22:50  Marine x11  
  113  22:51  Marauder  
  113  22:59  Orbital Command  
  113  23:04  Orbital Command  
  113  23:06  Marine  
  113  23:11  Marauder, Marine x9  
  113  23:12  Marauder, Marine x2  
  129  23:19  Liberator  
  129  23:20  Liberator x4  
  129  23:24  Marine  
  130  23:28  Marine  
  130  23:29  Marine x9  
  130  23:32  Marauder  
  130  23:34  Marauder  
  117  23:35  Marine  
  117  23:40  Siege Tank  
  119  23:42  Marine  
  119  23:46  Marine  
  119  23:47  Marine x3  
  124  23:54  Marauder  
  124  23:55  Marauder  
  108  24:05  Marine x8  
  108  24:06  Marine  
  107  24:12  Siege Tank  
  107  24:15  Marauder  
  107  24:17  Marauder  
  111  24:23  Marine x8  
  119  24:36  Marauder  
  119  24:38  Marauder  
  95  24:42  Marine  
  95  24:43  Marine x6  
  95  24:44  Marine x2  
  95  24:45  Siege Tank  
  107  24:57  Marine  
  107  24:59  Marine  
  101  25:00  Marine  
  101  25:01  Marine  
  101  25:02  Marine x7  
  107  25:14  Medivac x4  
  110  25:15  Marine  
  110  25:17  Siege Tank, Marine  
  110  25:18  Marine  
  110  25:19  Marine x2  
  110  25:20  Marine x6  
  105  25:33  Marine  
  105  25:34  Marine  
  107  25:36  Marine  
  107  25:37  Marine x2  
  107  25:38  Marine x2  
  107  25:39  Marine x3  
  115  25:44  Marine  
  115  25:51  Marauder  
  83  26:13  Marine x2  
  83  26:14  Marine x9  
  89  26:28  Viking x3  
  89  26:31  Marine x2  
  89  26:32  Marine x9  
  93  26:49  Marine x2  
  93  26:50  Marauder, Marine x7  
  93  26:51  Marauder, Orbital Command  
  93  26:52  Siege Tank  
  103  27:02  Refinery x2  
  103  27:04  Refinery  
  103  27:05  Refinery  
  103  27:06  Marine, Refinery  
  103  27:07  Marine x3  
  107  27:12  Marauder  
  109  27:22  Viking x2  
  96  27:45  Marine  
  96  27:46  Marauder, Marine x8  
  96  27:47  Marine  
  102  28:03  Marine x3  
  102  28:04  Marine x5  
  99  28:32  Marine  
  99  28:33  Marauder, Marine x9  
  78  28:50  Marine  
  78  28:51  Marine x9  
  78  28:54  Marine  
  89  29:08  Marine x4  
  89  29:09  Marine x6  
  99  29:11  Marine  
  89  29:26  Marine x9  
  89  29:29  Marine  
  73  29:43  Marine  
  73  29:44  Marine x4  
  76  29:47  Marine  
  45  30:01  Marine  
  45  30:02  Marine x4  
  45  30:05  Marine  
  47  30:19  Marine  
  47  30:20  Marine x4  
  42  30:42  Orbital Command  
  36  30:47  Barracks Reactor  
  36  30:49  Barracks x2  
  35  30:50  Barracks  
  35  30:51  Barracks  
  21  31:22  Marine  
  21  31:23  Marine  
Tags
 
League
Platinum
Matchup
TvT
Race
Terran
Replay Pack
r1
Spawn Locations
Cross Positions
Add a new tag
Caveats
  • Supply blocks, unpowered buildings, or Contaminate may cause inaccurate times.
  • Supply counts are checked every 10 seconds.